 Dungeon Crawl Stone Soup version 0.27-a0-1347-gd8886f0a89 (webtiles) character file.

Game seed: 13129211884031668133

0 Brandom the Charlatan (level 1, 0/15 HPs)
             Began as a Human Artificer on June 27, 2021.
             Slain by a quokka (1 damage)
             ... on level 1 of the Dungeon.
             The game lasted 00:01:21 (49 turns).

Brandom the Charlatan (Human Artificer)               Turns: 49, Time: 00:01:21

Health: 0/15       AC:  3    Str: 12    XL:     1   Next: 11%
Magic:  1/1        EV: 11    Int: 11    God:
Gold:   0          SH:  0    Dex: 13    Spells: 0/0 levels left

rFire    . . .     SeeInvis .   c - +0 whip
rCold    . . .     Faith    .   (no shield)
rNeg     . . .     Spirit   .   b - +0 leather armour
rPois    .         Reflect  .   (no helmet)
rElec    .         Harm     .   (no cloak)
rCorr    .         Rampage  .   (no gloves)
Will     .....                  (no boots)
Stlth    +.........             (no amulet)
HPRegen  0.05/turn              (no ring)
MPRegen  0.07/turn              (no ring)

@: no status effects
A: no striking features
a: no special abilities


You were on level 1 of the Dungeon.
You visited 1 branch of the dungeon, and saw 1 of its levels.

Inventory:

Hand Weapons
 a - a +0 club
 c - a +0 whip (weapon)
   (You found it on level 1 of the Dungeon)
Armour
 b - a +0 leather armour (worn)
Wands
 d - a wand of charming (15) (quivered)
 t - a wand of flame (15)
Miscellaneous
 e - a piece from Xom's chessboard (13/15)


   Skills:
 * Level 1.0 Fighting
 * Level 0.0 Maces & Flails
 + Level 2.0 Armour
 + Level 1.0 Dodging
 - Level 1.0 Stealth
 - Level 3.0 Evocations


You couldn't memorise any spells.
You didn't know any spells.
Your spell library was empty.

Dungeon Overview and Level Annotations

Branches:
Dungeon (1/15)

Altars:


Message History

c - a +0 whip
Okay, then.
c - a +0 whip (weapon)
You open the door.
There is an open door here.
Found a dagger.
You see here a +0 dagger.
A bat comes into view.
The bat barely misses you.
A bat comes into view.
The bat hits you but does no damage. The bat hits you.
A quokka comes into view.
The bat barely misses you. The bat closely misses you.
A rat comes into view.
The bat hits you but does no damage. x3
Found a scroll labelled HARPHOERASA.
You closely miss the bat. The bat barely misses you.
You hit the bat. The bat hits you. The bat hits you but does no damage.
You completely miss the bat. The bat hits you but does no damage.
The quokka bites you. The bat hits you but does no damage.
You barely miss the bat. The bat hits you but does no damage.
The quokka bites you but does no damage.
The bat barely misses you.
You hit the bat.
You kill the bat!
The quokka barely misses you. The quokka bites you.
* * * LOW HITPOINT WARNING * * *
The bat hits you but does no damage.
You make a move on Xom's chessboard...
The rat seems to slow down.
You closely miss the quokka.
The quokka bites you but does no damage.
The quokka bites you.
* * * LOW HITPOINT WARNING * * *
You hit the quokka but do no damage. The quokka bites you.
* * * LOW HITPOINT WARNING * * *
You barely miss the quokka. The quokka closely misses you.
You closely miss the quokka. The quokka closely misses you.
The quokka barely misses you.
You hit the quokka. The quokka bites you.
* * * LOW HITPOINT WARNING * * *
You hit the quokka but do no damage. The quokka closely misses you.
You barely miss the quokka.
The quokka bites you but does no damage. x2
You make a move on Xom's chessboard...
The rat is outlined in light.
The quokka bites you.
* * * LOW HITPOINT WARNING * * *
Unknown command.
You hit the quokka. The quokka bites you.
You die...

#..###.##.#
# #.##.#
#....#
####.# #.#
#.#
.######.#
........####
#######.@rr#
####b#
#†......#
#........
#.......#
#.#...###
#.#...#
#......
#?##.###


You could see a quokka, a bat and a rat (slow, corona).

Vanquished Creatures
  A bat (D:1)
1 creature vanquished.

Vanquished Creatures (others)
  A ball python (D:1)
1 creature vanquished.

Grand Total: 2 creatures vanquished

Notes
Turn   | Place    | Note
-------+----------+-------------------------------------------
     0 | D:1      | Brandom the Human Artificer began the quest for the Orb.
     0 | D:1      | Reached XP level 1. HP: 15/15 MP: 1/1
    49 | D:1      | Slain by a quokka

Illustrated notes

Levels and vault maps discovered:
D:1:      mushboom_english_gardens, layout_loops_ring,
          ebering_ecumenical_altar_rust, hangedman_glass_teeth,
          lemuel_flame_loot_1

Action                   || total
-------------------------++-------
Melee: Whip              ||    13
Evoke: Piece from Xom's  ||     2
Armor: Leather armour    ||    13
Dodge: Dodged            ||    10

Table legend: (Time is in decaauts)
 A = Elapsed time spent in this place.
 B = Non-inter-level travel time spent in this place.
 C = Inter-level travel time spent in this place.
 D = Time resting spent in this place.
 E = Time spent auto-exploring this place.
 F = Levels seen in this place.
 G = Mean time per level.
                   A        B        C        D        E       F      G
               +--------+--------+--------+--------+--------+-----+--------+
         Total |     49 |     49 |      0 |      0 |     17 |   1 |   49.0 |
       Dungeon |     49 |     49 |      0 |      0 |     17 |   1 |   49.0 |
               +--------+--------+--------+--------+--------+-----+--------+

Top non-repeatable levels by time:
     D:1: 49 daAuts
